 Dungeon Crawl Stone Soup version 0.27-a0-1325-g58a489ad9e (webtiles) character file.

Game seed: 16222917187696307863

166357 Nattfarinn the Warrior (level 18, -4/141 HPs)
             Began as a Djinni Venom Mage on June 24, 2021.
             Was the Champion of Makhleb.
             Slain by a nagaraja (17 damage)
             ... on level 4 of the Snake Pit.
             The game lasted 01:42:51 (42673 turns).

Nattfarinn the Warrior (Djinni Venom Mage)         Turns: 42673, Time: 01:42:52

Health: -4/141     AC: 17    Str: 12    XL:     18   Next: 53%
Gold:   912        EV: 17    Int: 37    God:    Makhleb [******] SH: 11 Dex: 16

rFire    + + +     SeeInvis +   D - +7 spear of Anxiety {freeze, rN+ Int+6}
rCold    . . .     Faith    .   Z - +3 buckler
rNeg     + . .     Spirit   .   k - +1 robe of the Lumpy Beggars {Int+6}
rPois    ∞         Reflect  .   r - +2 helmet {SInv}
rElec    +         Harm     .   M - +2 cloak
rCorr    +         Rampage  .   e - +2 pair of gloves {Str+3}
Will     +....     NoTele   +   (boots unavailable)
Stlth    ++........             Q - amulet of the acrobat
HPRegen  0.33/turn              O - ring of Yesterday {Wiz rCorr Int+4}
MPRegen  0.00/turn              F - +4 ring of protection

@: resistant, marked, untranslocatable, forested, flying, very slightly
contaminated, invisible (expiring)
A: sickness immunity, fire resistance 2, cold vulnerability 1, float, innate
caster, hp casting, extra vitality 1
a: Renounce Religion, Minor Destruction, Lesser Servant of Makhleb, Major
Destruction, Greater Servant of Makhleb


You were on level 4 of the Snake Pit.
You worshipped Makhleb.
Makhleb was exalted by your worship.
You visited 4 branches of the dungeon, and saw 27 of its levels.
You also visited: Gauntlet.

You collected 3942 gold pieces.
You spent 3030 gold pieces at shops.

Inventory:

Hand Weapons
 D - the +7 spear of Anxiety (weapon) {freeze, rN+ Int+6}
   (You took it off an orc priest on level 6 of the Dungeon)

   It has been specially enchanted to freeze those struck by it, causing extra
   injury to most foes and up to half again as much damage against particularly
   susceptible opponents.
   It can also slow down cold-blooded creatures.
   It affects your intelligence (+6).
   It protects you from negative energy.
 I - the +9 mace of the Aged Beggars {drain, rF+ rCorr Int-5 Dex+6}
   (You found it in a Gauntlet)

   A truly terrible weapon, it drains the life of those it strikes.
   It affects your intelligence (-5).
   It affects your dexterity (+6).
   It protects you from fire.
   It protects you from acid and corrosion.
 R - the +2 glaive of Extremism {pain, Int+4}
   (You took it off a minotaur in a Gauntlet)

   In the hands of one skilled in necromantic magic, it inflicts extra damage on
   living creatures.
   It affects your intelligence (+4).
Missiles
 s - 5 throwing nets
 L - 2 boomerangs of dispersal
Armour
 e - a +2 pair of gloves of strength (worn)
 k - the +1 robe of the Lumpy Beggars (worn) {Int+6}
   (You found it on level 5 of the Dungeon)

   It affects your intelligence (+6).
 r - a +2 helmet of see invisible (worn)
 J - the +0 pair of gloves "Itrit" {rElec rPois Int+6}
   (You found it in a Gauntlet)

   It affects your intelligence (+6).
   It insulates you from electricity.
   It protects you from poison.
 M - a +2 cloak (worn)
 P - the +3 chain mail "Plog" {rElec Int+3 Slay-3}
   (You found it in a Gauntlet)

   It affects your intelligence (+3).
   It affects your accuracy and damage with ranged weapons and melee attacks
   (-3).
   It insulates you from electricity.
 W - a +3 troll leather armour {Snorg}
 Y - the +6 scale mail of Wu Jian's Wrath {rPois Int+3 Dex-5}
   (You found it on level 6 of the Lair of Beasts)

   It affects your intelligence (+3).
   It affects your dexterity (-5).
   It protects you from poison.
 Z - a +3 buckler (worn)
Jewellery
 c - a ring of positive energy
 v - a +4 ring of evasion
 F - a +4 ring of protection (right hand)
 O - the ring of Yesterday (left hand) {Wiz rCorr Int+4}
   (You bought it in a shop on level 2 of the Snake Pit)

   [ring of wizardry]

   It improves your spell success rate.
   It affects your intelligence (+4).
   It protects you from acid and corrosion.
 Q - an amulet of the acrobat (around neck)
 U - a ring of protection from fire
Wands
 a - a wand of paralysis (4)
 h - a wand of charming (23)
 n - a wand of polymorph (31)
 x - a wand of digging (17)
 y - a wand of iceblast (54)
 H - a wand of flame (63)
 K - a wand of mindburst (30)
 V - a wand of acid (10)
Scrolls
 d - 3 scrolls of fear
 t - 2 scrolls of identify
 u - 9 scrolls of teleportation
 w - 4 scrolls of enchant weapon
 z - 3 scrolls of enchant armour
 A - 4 scrolls of immolation
 B - 2 scrolls of holy word
 N - a scroll of summoning
Potions
 f - 4 potions of haste
 i - 5 potions of might
 j - 3 potions of attraction
 l - 9 potions of lignification
 m - 6 potions of curing
 o - 2 potions of mutation
 q - 2 potions of resistance
 G - 3 potions of brilliance
 T - a potion of berserk rage
Miscellaneous
 g - a lightning rod (4/4)
 S - a phantom mirror


   Skills:
 * Level 16.9 Fighting
 - Level 12.0 Polearms
 - Level 6.8 Armour
 - Level 9.9 Dodging
 - Level 1.5 Stealth
 + Level 13.2 Shields
 - Level 10.2 Spellcasting
 - Level 6.2 Invocations
 - Level 10.0 Evocations


You couldn't memorise any spells.
You knew the following spells:

 Your Spells              Type           Power      Damage    Failure   Level
a - Sting                 Tmut/Pois      100%       1d8       1%          1
b - Poisonous Vapours     Pois/Air       100%       N/A       1%          2
c - Mephitic Cloud        Conj/Pois/Air  76%        N/A       1%          3
d - Ignite Poison         Fire/Tmut/Pois 76%        N/A       1%          3
e - Olgreb's Toxic Radia  Pois           76%        N/A       1%          4
f - Shock                 Conj/Air       100%       1d9       1%          1
g - Blink                 Tloc           N/A        N/A       1%          2
h - Stone Arrow           Conj/Erth      100%       3d13      1%          3
i - Ozocubu's Armour      Ice            76%        N/A       1%          3
j - Animate Armour        Summ/Erth      100%       N/A       1%          4
k - Summon Forest         Summ/Tloc      38%        N/A       1%          5
l - Starburst             Conj/Fire      38%        8x6d11    1%          6
m - Spellforged Servitor  Conj/Summ      38%        N/A       11%         7
Your spell library was empty.

Dungeon Overview and Level Annotations

Branches:
Dungeon (15/15)            Temple (0/1) D:4            Lair (6/6) D:10
 Shoals (0/4) Lair:3        Snake (4/4) Lair:3        Slime (0/5) Lair:6
    Orc (2/2) D:10            Elf (0/3) Orc:2        Vaults (0/5) D:14
 Depths (0/5) D:15        Gauntlet (visited)

Altars:
Ashenzari
Cheibriados
Dithmenos
Elyvilon
Fedhas
Makhleb
Nemelex Xobeh
Qazlal
Ru
Sif Muna
Vehumet
Xom

Shops:
D:1 :[   D:2 :   D:3 [   D:9 =   Orc:1 (   Orc:2 *(?:   Snake:2 =::

Portals:
Trove: D:11 (give +4 ice dragon scales)

Annotations:
D:5 3 runed translucent doors, 2 transporters, Fama's ghost, amateur MfAr; endorz's ghost, novice MiBe; katzbalger's ghost, novice HuFE
D:11 3 runed translucent doors, Dwachs's ghost, journeyman DjVM
Lair:5 1 runed translucent door, Kiguq's ghost, journeyman VSSu
Lair:6 exclusion: obsidian statue


Innate Abilities, Weirdness & Mutations

You are immune to sickness and miasma.
You are immune to poison.
Your flesh is very heat resistant. (rF++)
You are vulnerable to cold. (rC-)
You float through the air rather than walking.
You learn spells naturally, not from books.
Your magical power is your life essence.
You have superior vitality. (+4 HP)


Message History

You resist. You block the nagaraja's attack.
The nagaraja mumbles some strange words.
The nagaraja seems to speed up.
Casting: Summon Forest (mildly dangerous; 1% risk of failure)
Confirm with . or Enter, or press ? or * to list all spells.
You cannot blink because you are locked down by a dimension anchor.
Unknown command.
Okay, then.
Casting: Blink (safe; 1% risk of failure)
Confirm with . or Enter, or press ? or * to list all spells.
You begin to radiate toxic energy.
* * * LOW HITPOINT WARNING * * *
You flicker for a moment.
The nagaraja spits poison at you.
The splash of poison hits you but does no damage.
You resist.
The nagaraja points at you and mumbles some strange words.
You struggle to resist.
The nagaraja points at you and mumbles some strange words.
The bolt of poison misses you.
A guardian serpent comes into view.
The nagaraja hits you from afar with a +0 spear!
* * * LOW HITPOINT WARNING * * *
You feel better.
Your toxic aura wanes.
The nagaraja barely misses you.
The nagaraja points at you and mumbles some strange words.
The bolt of poison hits you but does no damage.
You resist.
A naga mage comes into view. It is wielding a +0 club.
The nagaraja spits poison at you. You block the splash of poison.
The nagaraja hits you but does no damage.
You feel better.
The nagaraja hits you from afar with a +0 spear!
* * * LOW HITPOINT WARNING * * *
The nagaraja points at you and mumbles some strange words.
The bolt of poison misses you. You block the nagaraja's attack.
The nagaraja hits you from afar with a +0 spear!
You die...

#..# #♣.# ####♣.##
#.#...N♣♣##
####...♣.....♣####♣#
.......)...†.......#♣♣
..............N...♣..♣##
.......#.#...SN..).....#
...####...###♣N.@.......#
.### ....... ♣♣#.....♣...
##....⌠...⌠.. ##♣.......
............. ♣N.....
............ ..♣... ...⌠.
...... ..... ..♣... .....
.. .....


You could see 4 nagarajas, a guardian serpent and a naga mage.

Vanquished Creatures
  Vashnia (Snake:1)
  Jorgrun (D:14)
  Gastronok (D:11)
  Roxanne (D:15)
  3 nagarajas
  An orc warlord (Orc:2)
  Nessos (D:12)
  2 dire elephants (Lair:6)
  A minotaur (Gauntlet)
  An ettin (D:15)
  Snorg (Lair:6)
  Josephine (D:10)
  10 naga warriors
  9 hydras
  Harold (D:11)
  4 boulder beetles
  2 catoblepae
  A salamander tyrant (Snake:3)
  3 vault guards (D:14)
  An ogre mage (D:15)
  Erica (D:11)
  A centaur warrior (Orc:2)
  13 two-headed ogres
  12 anacondas
  4 tengu warriors
  A death yak (Lair:6)
  7 shock serpents
  3 spectral dire elephants (Lair:6)
  8 naga sharpshooters
  Nergalle (D:10)
  A salamander mystic (Snake:3)
  A spectral death yak (Lair:6)
  A spectral anaconda (Lair:6)
  A deep troll (D:15)
  4 naga ritualists
  4 necromancers
  5 orc knights
  6 mana vipers
  An orb spider (shapeshifter) (D:15)
  6 ugly things
  4 deep elf pyromancers
  3 cyclopes
  An orc sorcerer (D:15)
  A worldbinder (Gauntlet)
  37 black mambas
  A moth of wrath (Gauntlet)
  A centaur zombie (D:10)
  18 elephants
  3 manticores
  5 salamanders
  Maurice (D:10)
  A dire elephant zombie (Lair:6)
  9 naga magi
  A molten gargoyle (Gauntlet)
  8 guardian serpents
  A dire elephant skeleton (Lair:6)
  A cane toad (shapeshifter) (D:15)
  2 gargoyles
  Maggie (Lair:2)
  7 komodo dragons
  9 cane toads
  A rime drake (Lair:4)
  2 tengu conjurers (D:15)
  6 trolls
  3 polar bears
  3 hornets
  21 blink frogs
  The ghost of asdu the Covert, an amateur OpDe (D:6)
  4 dream sheep (Lair:5)
  8 slime creatures
  4 spectral elephants (Lair:6)
  A snapping turtle (Lair:3)
  4 shadows
  8 wraiths
  A vampire (D:7)
  9 wyverns
  Eustachio (D:4)
  8 humans (D:14)
  26 yaks
  Grum (D:11)
  3 steam dragons
  8 vampire mosquitoes
  3 basilisks
  5 wargs
  2 spectral cane toads (Lair:6)
  Edmund (D:4)
  30 nagas
  4 acid dragons
  12 water moccasins
  4 black bears
  An ice beast (D:8)
  A sky beast (D:7)
  Purgy (D:3)
  44 orc warriors
  2 elephant zombies (Lair:6)
  A necrophage (D:7)
  15 ogres
  25 centaurs
  13 wolves
  4 boggarts
  4 elephant skeletons (Lair:6)
  3 phantoms
  12 bullfrogs
  5 cane toad simulacra (Lair:6)
  2 gnoll sergeants
  2 scorpions (D:7)
  A water moccasin zombie (D:7)
  A wyvern skeleton (D:7)
  2 water moccasin skeletons
  6 killer bees
  An elephant simulacrum (Lair:6)
  5 wights (D:7)
  11 howler monkeys
  3 electric eels
  2 bullfrog zombies
  13 orc priests
  A hound (D:6)
  3 centaur skeletons
  4 jellies
  A bullfrog skeleton (D:6)
  Jessica (D:2)
  4 iguanas
  Natasha (thrice) (D:3)
  11 orc wizards
  3 killer bee zombies
  A hound skeleton (D:5)
  2 howler monkey zombies (D:7)
  10 gnolls
  6 adders
  2 white imps
  8 dart slugs
  99 orcs
  A bat (D:3)
  6 endoplasms
  3 giant cockroaches
  6 goblins
  5 hobgoblins
  11 jackals
  2 quokkas
  4 ball pythons
  3 frilled lizards
  6 kobolds
  A rat (D:3)
813 creatures vanquished.

Vanquished Creatures (collateral kills)
  A nagaraja (Snake:4)
  A salamander tyrant (Snake:4)
  A boulder beetle (D:14)
  A hydra (Lair:5)
  A salamander mystic (Snake:4)
  A naga ritualist (Snake:4)
  2 ugly things (D:14)
  4 salamanders
  2 guardian serpents (Snake:4)
  2 black mambas (Snake:4)
  A gargoyle (D:14)
  8 nagas (Snake:4)
25 creatures vanquished.

Vanquished Creatures (others)
  A human (D:14)
  An orc warrior (D:15)
  8 fungi
  26 plants
  3 snaplasher vines
  29 withered plants
68 creatures vanquished.

Grand Total: 906 creatures vanquished

Notes
Turn   | Place    | Note
-------+----------+-------------------------------------------
     0 | D:1      | Nattfarinn the Djinni Venom Mage began the quest for the
                  | Orb.
     0 | D:1      | Reached XP level 1. HP: 15/15 MP: 0/0
    62 | D:1      | You are sucked into a shaft and drop 1 floor!
    93 | D:2      | Found Vucem's Book Boutique.
   339 | D:2      | Reached XP level 2. HP: 18/21 MP: 0/0
   399 | D:2      | Found a faded altar of an unknown god.
   703 | D:2      | Noticed Jessica
   706 | D:2      | Killed Jessica
   707 | D:2      | Reached XP level 3. HP: 22/25 MP: 0/0
   707 | D:2      | Learned a level 1 spell: Shock
  1246 | D:3      | Reached XP level 4. HP: 24/31 MP: 0/0
  1694 | D:3      | Reached XP level 5. HP: 16/35 MP: 0/0
  1694 | D:3      | Learned a level 2 spell: Blink
  1955 | D:1      | Found Jyanoyza's Antique Armour Shoppe.
  2358 | D:1      | Found Cillaugu's Book Shoppe.
  2707 | D:3      | Noticed Natasha
  2710 | D:3      | Killed Natasha
  2822 | D:3      | Noticed Natasha
  2827 | D:3      | Killed Natasha
  3011 | D:3      | Reached XP level 6. HP: 35/40 MP: 0/0
  3054 | D:3      | Found Javirghof's Armour Shop.
  3086 | D:3      | You are sucked into a shaft and drop 2 floors!
  3086 | D:5      | Entered Level 5 of the Dungeon
  3116 | D:5      | Found a runed translucent gate.
  3121 | D:5      | Found a runed translucent gate.
  3122 | D:5      | Found a runed translucent gate.
  3134 | D:5      | Found a transporter.
  3185 | D:5      | Noticed Fama's ghost (amateur MfAr)
  3185 | D:5      | Noticed katzbalger's ghost (novice HuFE)
  3186 | D:5      | Noticed endorz's ghost (novice MiBe)
  3288 | D:5      | Identified the +1 robe of the Lumpy Beggars {Int+6}
  3313 | D:5      | Reached skill level 5 in Spellcasting
  3573 | D:4      | Noticed Eustachio
  3577 | D:4      | Killed Eustachio
  3721 | D:4      | Reached XP level 7. HP: 37/45 MP: 0/0
  3721 | D:4      | Learned a level 3 spell: Stone Arrow
  3832 | D:4      | Noticed Edmund
  3835 | D:4      | Killed Edmund
  4291 | D:4      | Found a blossoming altar of Fedhas.
  4291 | D:4      | Found a sacrificial altar of Ru.
  4423 | D:4      | Found a sparkling altar of Nemelex Xobeh.
  4423 | D:4      | Found a burning altar of Makhleb.
  4426 | D:4      | Found a white marble altar of Elyvilon.
  4433 | D:4      | Found a staircase to the Ecumenical Temple.
  4437 | D:4      | Became a worshipper of Makhleb the Destroyer
  4452 | D:4      | Noticed a wyvern
  4456 | D:4      | Killed a wyvern
  4457 | D:4      | Reached skill level 2 in Fighting
  5196 | D:3      | Noticed Purgy
  5199 | D:3      | Reached XP level 8. HP: 47/55 MP: 0/0
  5200 | D:3      | Killed Purgy
  5201 | D:3      | Reached skill level 3 in Fighting
  5368 | D:3      | Noticed Natasha
  5369 | D:3      | Killed Natasha
  5930 | D:5      | Found a transporter.
  6005 | D:5      | Reached skill level 4 in Fighting
  6046 | D:5      | Found a broken altar of Ashenzari.
  6073 | D:5      | Reached * piety under Makhleb
  6243 | D:5      | Reached skill level 5 in Fighting
  7036 | D:6      | Reached skill level 5 in Dodging
  7051 | D:6      | Identified the +7 spear of Anxiety {freeze, rN+ Int+6}
  7055 | D:6      | Reached skill level 6 in Fighting
  7055 | D:6      | Reached XP level 9. HP: 26/66 MP: 0/0
  7055 | D:6      | Learned a level 3 spell: Ozocubu's Armour
  7309 | D:6      | Found a runed translucent door.
  7309 | D:6      | Noticed asdu's ghost (amateur OpDe)
  7512 | D:6      | Reached skill level 7 in Fighting
  7688 | D:6      | Found a stormy altar of Qazlal.
  8224 | D:6      | Killed asdu's ghost
  8407 | D:7      | Reached skill level 8 in Fighting
  8412 | D:7      | Reached ** piety under Makhleb
  8413 | D:7      | Reached skill level 1 in Polearms
  8615 | D:7      | Noticed a brown ugly thing
  8615 | D:7      | Noticed a troll
  8616 | D:7      | Noticed a komodo dragon
  8623 | D:7      | Killed a troll
  8623 | D:7      | Killed a brown ugly thing
  8624 | D:7      | Reached skill level 9 in Fighting
  8624 | D:7      | Reached XP level 10. HP: 48/78 MP: 0/0
  8628 | D:7      | Killed a komodo dragon
  8894 | D:7      | Reached skill level 10 in Fighting
  9899 | D:8      | Reached skill level 11 in Fighting
 10025 | D:8      | Reached XP level 11. HP: 77/87 MP: 0/0
 10025 | D:8      | Learned a level 4 spell: Animate Armour
 10068 | D:8      | Reached *** piety under Makhleb
 10409 | D:8      | Found a shadowy altar of Dithmenos.
 10880 | D:8      | Reached skill level 5 in Polearms
 11359 | D:9      | Noticed a two-headed ogre
 11365 | D:9      | Killed a two-headed ogre
 11366 | D:9      | Reached skill level 12 in Fighting
 11476 | D:9      | Noticed a two-headed ogre
 11480 | D:9      | Killed a two-headed ogre
 12185 | D:9      | Found Daon Ymy's Jewellery Boutique.
 12580 | D:10     | Entered Level 10 of the Dungeon
 12685 | D:10     | Noticed Josephine
 12688 | D:10     | Killed Josephine
 12762 | D:10     | Reached **** piety under Makhleb
 12763 | D:10     | Reached skill level 13 in Fighting
 12926 | D:10     | Found a staircase to the Lair.
 12933 | D:10     | Noticed Nergalle
 12937 | D:10     | Killed Nergalle
 12938 | D:10     | Reached XP level 12. HP: 95/98 MP: 0/0
 12992 | D:10     | Noticed Maurice
 12995 | D:10     | Killed Maurice
 13010 | D:10     | Noticed a two-headed ogre
 13038 | D:10     | Killed a two-headed ogre
 13140 | D:10     | Noticed a two-headed ogre
 13150 | D:10     | Killed a two-headed ogre
 13382 | D:10     | Found a staircase to the Orcish Mines.
 13397 | D:10     | Reached skill level 14 in Fighting
 14006 | D:11     | Noticed Erica
 14009 | D:11     | Killed Erica
 14026 | D:11     | Reached ***** piety under Makhleb
 14184 | D:11     | Noticed a two-headed ogre
 14190 | D:11     | Killed a two-headed ogre
 14361 | D:11     | Noticed Grum
 14366 | D:11     | Killed Grum
 14446 | D:11     | Noticed a two-headed ogre
 14454 | D:11     | Killed a two-headed ogre
 14487 | D:11     | Noticed Gastronok
 14488 | D:11     | Reached skill level 15 in Fighting
 14488 | D:11     | Reached XP level 13. HP: 107/107 MP: 0/0
 14488 | D:11     | Learned a level 5 spell: Summon Forest
 14496 | D:11     | Killed Gastronok
 15082 | D:11     | Found a runed translucent gate.
 15082 | D:11     | Found a runed translucent gate.
 15082 | D:11     | Found a runed translucent gate.
 15082 | D:11     | Noticed Dwachs's ghost (journeyman DjVM)
 15409 | D:11     | Noticed Harold
 15415 | D:11     | Killed Harold
 15485 | D:11     | Found a portal to a secret trove of treasure.
 15685 | Lair:1   | Entered Level 1 of the Lair of Beasts
 16715 | Lair:1   | Identified the +0 pair of gloves "Raisy" {Will+ Int-3
                  | Dex+7}
 16894 | Lair:2   | Noticed Maggie
 16901 | Lair:2   | Killed Maggie
 17021 | Lair:2   | You are sucked into a shaft and drop 1 floor!
 17447 | Lair:2   | Noticed an eight-headed hydra
 17453 | Lair:2   | Killed an eight-headed hydra
 17454 | Lair:2   | Reached skill level 1 in Armour
 18704 | Lair:3   | Noticed a six-headed hydra
 18772 | Lair:3   | Killed a six-headed hydra
 18951 | Lair:3   | Found a staircase to the Snake Pit.
 19119 | Lair:3   | Reached XP level 14. HP: 109/115 MP: 0/0
 19195 | Lair:3   | Reached skill level 10 in Polearms
 19410 | Lair:3   | Found a staircase to the Shoals.
 19696 | Lair:4   | Found a gate leading to a gauntlet.
 19705 | Gauntlet | Entered a Gauntlet
 19705 | Gauntlet | Found a transporter.
 19705 | Gauntlet | Found a transporter.
 19989 | Gauntlet | Found a transporter.
 19994 | Gauntlet | Found a transporter.
 20003 | Gauntlet | Found a transporter.
 20007 | Gauntlet | Found a transporter.
 20013 | Gauntlet | Noticed a quicksilver ooze
 20016 | Gauntlet | Found a transporter.
 20034 | Gauntlet | Found a transporter.
 20051 | Gauntlet | Found a transporter.
 20055 | Gauntlet | Found a transporter.
 20066 | Gauntlet | Found a transporter.
 20067 | Gauntlet | Found a transporter.
 20068 | Gauntlet | Found a runed translucent door.
 20261 | Gauntlet | Identified the +9 mace of the Aged Beggars {drain, rF+
                  | rCorr Int-5 Dex+6}
 20628 | Gauntlet | Identified the +3 chain mail "Plog" {rElec Int+3 Slay-3}
 20629 | Gauntlet | Identified the +0 pair of gloves "Itrit" {rElec rPois
                  | Int+6}
 20676 | Gauntlet | Identified the +2 glaive of Extremism {pain, Int+4}
 20676 | Gauntlet | Noticed a minotaur
 20682 | Gauntlet | Killed a minotaur
 21839 | Lair:5   | Reached skill level 5 in Armour
 21878 | Lair:5   | Found a snail-covered altar of Cheibriados.
 22081 | Lair:5   | You are sucked into a shaft and drop 1 floor!
 22081 | Lair:6   | Entered Level 6 of the Lair of Beasts
 22354 | Lair:5   | Found a runed translucent door.
 22387 | Lair:5   | Found a shimmering altar of Xom.
 22387 | Lair:5   | Noticed Kiguq's ghost (journeyman VSSu)
 23163 | Lair:6   | Found a staircase to the Slime Pits.
 23300 | Lair:6   | Noticed a dire elephant
 23301 | Lair:6   | Noticed a dire elephant
 24212 | Lair:6   | Noticed Snorg
 24214 | Lair:6   | Reached ****** piety under Makhleb
 24216 | Lair:6   | Killed Snorg
 24217 | Lair:6   | Reached XP level 15. HP: 109/121 MP: 0/0
 24217 | Lair:6   | Learned a level 6 spell: Starburst
 25228 | Lair:6   | Reached skill level 1 in Evocations
 25263 | Lair:6   | Identified the +6 scale mail of Wu Jian's Wrath {rPois
                  | Int+3 Dex-5}
 26914 | Lair:6   | Identified the amulet of Laffaora {RegenMP Harm Regen+
                  | Int+4 Dex-5}
 27211 | Orc:1    | Entered Level 1 of the Orcish Mines
 27211 | Orc:1    | Found Morhoag's Weapon Shop.
 27357 | Orc:2    | Entered Level 2 of the Orcish Mines
 27374 | Orc:2    | Reached skill level 1 in Invocations
 27929 | Orc:2    | Noticed an orc warlord
 27934 | Orc:2    | Killed an orc warlord
 28129 | Orc:2    | Found Ippethro's Self-Improvement Boutique.
 28189 | Orc:2    | Found Zeopel's Distillery.
 28189 | Orc:2    | Found Safrelueku's Antique Weapon Boutique.
 28191 | Orc:2    | Found Fubax's Assorted Antiques.
 28193 | Orc:2    | Found Yfeg's Magic Scroll Shoppe.
 28205 | Orc:2    | Bought a scroll of magic mapping for 45 gold pieces
 28205 | Orc:2    | Bought a scroll of blinking for 97 gold pieces
 28205 | Orc:2    | Bought a scroll of identify for 26 gold pieces
 28205 | Orc:2    | Bought a scroll of teleportation for 39 gold pieces
 28207 | Orc:2    | Bought a potion of heal wounds for 75 gold pieces
 28207 | Orc:2    | Bought a potion of curing for 45 gold pieces
 28207 | Orc:2    | Bought a potion of attraction for 45 gold pieces
 28207 | Orc:2    | Bought a potion of curing for 45 gold pieces
 28207 | Orc:2    | Bought a potion of resistance for 150 gold pieces
 28349 | Orc:2    | Found a staircase to the Elven Halls.
 28917 | Orc:2    | Bought a manual of Shields for 1545 gold pieces
 29434 | D:12     | Noticed Nessos
 29439 | D:12     | Killed Nessos
 29440 | D:12     | Reached skill level 5 in Evocations
 29440 | D:12     | Reached XP level 16. HP: 128/128 MP: 0/0
 31137 | D:13     | Identified a scroll of acquirement
 31138 | D:13     | Acquired 1074 gold pieces
 31233 | D:14     | Noticed Jorgrun
 31239 | D:14     | Killed Jorgrun
 31603 | D:14     | Reached skill level 5 in Invocations
 31995 | D:14     | Found a gate to the Vaults.
 32202 | D:15     | Entered Level 15 of the Dungeon
 32453 | D:15     | Reached skill level 10 in Spellcasting
 32509 | D:15     | Found a staircase to the Depths.
 32841 | D:15     | Reached skill level 1 in Shields
 32850 | D:15     | Found the +8 trident of the Octopus King {venom, rElec
                  | rPois Will+}
 32887 | D:15     | Found a white marble altar of Elyvilon.
 33247 | D:15     | Noticed Roxanne
 33916 | D:15     | Reached XP level 17. HP: 95/133 MP: 0/0
 33916 | D:15     | Learned a level 7 spell: Spellforged Servitor
 34612 | D:15     | Killed Roxanne
 35011 | Snake:1  | Entered Level 1 of the Snake Pit
 35042 | Snake:1  | Reached skill level 5 in Shields
 36064 | Snake:1  | Identified the +1 pair of gloves "Raoc Six" {Regen+ MP-9
                  | Dex+4}
 36210 | Snake:2  | Found Fuufaur's Book Boutique.
 36213 | Snake:2  | Found Timec's Jewellery Emporium.
 36214 | Snake:2  | Found Uninofee's Book Boutique.
 36227 | Snake:2  | Bought the ring of Yesterday {Wiz rCorr Int+4} for 918 gold
                  | pieces
 36285 | Snake:2  | Noticed Vashnia
 37196 | Snake:1  | Killed Vashnia
 37556 | Snake:2  | Reached skill level 10 in Shields
 39421 | Snake:3  | Reached skill level 10 in Evocations
 39421 | Snake:3  | Reached XP level 18. HP: 95/139 MP: 0/0
 39904 | Snake:3  | Reached skill level 16 in Fighting
 41747 | Snake:4  | Entered Level 4 of the Snake Pit
 42673 | Snake:4  | Slain by a nagaraja

Illustrated notes

Levels and vault maps discovered:
D:1:      enne_arrival_octagon_isle, layout_basic, serial_shops,
          nicolae_shop_waterfront, shop, minmay_pentomino_z2
D:2:      wander_river, layout_loops_ring, basic_altar, serial_shops,
          nicolae_shop_window_shopping, basic_ecumenical_altar, uniq_jessica
D:3:      layout_basic, serial_shops, nicolae_shop_behind_doors, uniq_natasha,
          uniq_purgy
D:4:      kennysheep_slugbush, layout_layer_cave, grunt_temple_overflow_open,
          minmay_temple_entry_drinking_statues, minmay_close_crescents,
          uniq_eustachio, uniq_edmund
D:5:      gammafunk_wand_slinger, layout_cave_pods,
          nicolae_overflow_crystal_walls, gammafunk_ghost_cemetery
D:6:      layout_loops_ring, grunt_qazlal_clouds, serial_glass, glass_columns_a,
          glass_columns_a, feat_on_display, feat_on_display,
          gammafunk_ghost_grave, moated_statue
D:7:      minmay_the_grid_plus_closed [minmay_the_grid_minigrid_medium,
          minmay_the_grid_large_cup, minmay_the_grid_stretched_grid,
          minmay_the_grid_rooms, minmay_the_grid_prize_big_room], layout_rooms
D:8:      layout_loops_corners, grunt_dithmenos_shadows
D:9:      layout_basic, serial_shops, shop, serial_bayou_ford_a
D:10:     layout_roguey [special_room_orc], lair_entry_dummy,
          david_orc_1_choice, uniq_nergalle, uniq_maurice, uniq_josephine
D:11:     layout_loops_ring, ebering_ghost_rock_garden, trove_entry_hex_spiral,
          uniq_erica, uniq_grum, uniq_gastronok, uniq_harold
D:12:     layout_irregular_city, uniq_nessos
D:13:     layout_basic
D:14:     layout_gridville, ximxim_vaults_locker_room,
          kennysheep_generic_room_3, uniq_jorgrun
D:15:     hangedman_depths_entry_civil_slaughter, layout_loops_ring,
          serial_glass, glass_columns_b, glass_columns_b, item_on_display_b,
          item_on_display_a, unseen_surprise_small, minmay_strange_pillars,
          nicolae_twisting_strands, elyvilon_altar_4, uniq_roxanne
Lair:1:   layout_cave_pods
Lair:2:   layout_chaotic_city, serial_bayou_pond_d, uniq_maggie
Lair:3:   layout_cellular_growth, minmay_shoals_entry_hut,
          minmay_snake_entry_six_corridors, portal_ice_cave_entry_pillars_1,
          chequers_serial_rivers_large_b
Lair:4:   layout_loops_ring, gauntlet_entry_generic
Lair:5:   layout_regular_city, ebering_ghost_xom, basic_altar
Lair:6:   due_jungle_book, layout_gridlike, slime_dummy, uniq_snorg
Snake:1:  layout_concentric_octagons
Snake:2:  layout_misc_corridors, minmay_shop_grove, uniq_vashnia
Snake:3:  layout_onion_interference
Snake:4:  snake_hunt, layout_gridlike, minmay_shop_star, grunt_megastairs_5
Orc:1:    layout_caves, serial_shops, nicolae_shop_trees
Orc:2:    st_orc_rangers, layout_caves, nicolae_shop_self_help

Skill      XL: |  1  2  3  4  5  6  7  8  9 10 11 12 13 14 15 16 17 18 |
---------------+-------------------------------------------------------+-----
Spellcasting   | 3 4 5 6 8 10 | 10.2
Fighting       | 2 6 9 11 13 15 16 | 16.9
Dodging        | 3 5 6 7 9 |  9.9
Polearms       | 2 4 6 8 9 11 12 | 12.0
Armour         | 3 6 |  6.8
Evocations     | 5 7 10 | 10.0
Invocations    | 3 6 |  6.2
Shields        | 2 12 13 | 13.2
Stealth        | |  1.5

Action                   |  1- 3 |  4- 6 |  7- 9 | 10-12 | 13-15 | 16-18 || total
-------------------------+-------+-------+-------+-------+-------+-------++-------
Melee: Unarmed           |       |     4 |       |       |       |       ||     4
       Flail             |       |       |     4 |       |       |       ||     4
       Spear             |       |       |     8 |    23 |   227 |   174 ||   432
 Cast: Sting             |    29 |    79 |    22 |       |       |       ||   130
       Poisonous Vapours |       |     7 |     2 |     9 |    33 |     9 ||    60
       Ignite Poison     |       |     4 |    10 |    20 |    55 |    17 ||   106
       Olgreb's Toxic Ra |       |     3 |    11 |    19 |    51 |    16 ||   100
       Stone Arrow       |       |       |    80 |   205 |   432 |   437 ||  1154
       Blink             |       |       |       |     2 |     8 |     1 ||    11
       Mephitic Cloud    |       |       |       |       |     3 |       ||     3
       Summon Forest     |       |       |       |       |     2 |    13 ||    15
       Starburst         |       |       |       |       |       |    65 ||    65
Invok: Major Destruction |       |       |       |       |       |     1 ||     1
       Greater Servant o |       |       |       |       |       |     1 ||     1
Evoke: Wand              |       |       |       |       |       |    17 ||    17
  Use: Scroll            |       |       |     4 |     8 |     9 |    17 ||    38
       Potion            |       |       |       |       |     3 |    13 ||    16
 Stab: Sleeping          |       |       |       |     1 |       |       ||     1
       Distracted        |       |       |       |       |     1 |     3 ||     4
Armor: Robe              |     1 |    21 |    18 |    35 |   144 |    83 ||   302
Dodge: Dodged            |    12 |    24 |    32 |    75 |   316 |   272 ||   731
Block: Buckler           |       |       |       |       |       |   168 ||   168

Table legend: (Time is in decaauts)
 A = Elapsed time spent in this place.
 B = Non-inter-level travel time spent in this place.
 C = Inter-level travel time spent in this place.
 D = Time resting spent in this place.
 E = Time spent auto-exploring this place.
 F = Levels seen in this place.
 G = Mean time per level.
                   A        B        C        D        E       F      G
               +--------+--------+--------+--------+--------+-----+--------+
         Total |  42509 |  40580 |   1929 |  10142 |  26061 |  28 | 1518.2 |
       Dungeon |  21387 |  20438 |    949 |   3414 |  15066 |  15 | 1425.8 |
          Lair |  10373 |   9832 |    541 |   2220 |   6715 |   6 | 1728.8 |
     Snake Pit |   7634 |   7459 |    175 |   3700 |   2827 |   4 | 1908.5 |
  Orcish Mines |   2015 |   1752 |    263 |    288 |   1137 |   2 | 1007.5 |
      Gauntlet |   1099 |   1099 |      0 |    520 |    316 |   1 | 1099.0 |
               +--------+--------+--------+--------+--------+-----+--------+

Top non-repeatable levels by time:
  Lair:6: 4055 daAuts
 Snake:2: 2742 daAuts
    D:15: 2605 daAuts
 Snake:1: 2170 daAuts
 Snake:3: 1870 daAuts
     D:2: 1796 daAuts
     D:4: 1787 daAuts
    D:11: 1725 daAuts
     D:7: 1502 daAuts
    D:10: 1497 daAuts
     D:8: 1423 daAuts
     D:6: 1410 daAuts
  Lair:3: 1379 daAuts
  Lair:2: 1373 daAuts
     D:5: 1333 daAuts
